 Dungeon Crawl Stone Soup version 0.26-a0-971-g1d9d62bb61 (webtiles) character file.

Game seed: 14729553622291988336

26 siradein the Poker (level 2, 0/24 HPs)
             Began as a Demonspawn Chaos Knight on Dec 4, 2020.
             Was a Plaything of Xom.
             Succumbed to an adder's poison
             ... on level 1 of the Dungeon.
             The game lasted 00:04:10 (647 turns).

siradein the Poker (Demonspawn Chaos Knight)         Turns: 647, Time: 00:04:10

Health: 0/24       AC:  6    Str: 12    XL:     2   Next: 89%
Magic:  2/2        EV: 11    Int: 13    God:    Xom [..*...]
Gold:   49         SH:  0    Dex: 12    Spells: 1/1 levels left

rFire    . . .     SeeInvis .   a - +1 spear (chaos)
rCold    . . .     Faith    .   (no shield)
rNeg     . . .     Spirit   .   b - +3 leather armour
rPois    .         Reflect  .   (helmet restricted)
rElec    .         Harm     .   (no cloak)
rCorr    .         Rampage  .   (no gloves)
MR       .....                  (no boots)
Stlth    +.........             (no amulet)
HPRegen  0.08/turn              (no ring)
MPRegen  0.08/turn              (no ring)

@: lethally poisoned (0 -> -2)
A: antennae 1
a: Renounce Religion


You were on level 1 of the Dungeon.
You worshipped Xom.
You were a toy of Xom.
You visited 1 branch of the dungeon, and saw 2 of its levels.

You collected 49 gold pieces.

Inventory:

Hand Weapons
 a - a +1 spear of chaos (weapon)
Armour
 b - a +3 leather armour (worn)
Jewellery
 d - an uncursed ring of protection from cold {unknown}
Scrolls
 c - 3 scrolls of magic mapping {unknown}
 e - 3 scrolls of fear


   Skills:
 - Level 3.0 Fighting
 + Level 3.8 Polearms
 - Level 1.7 Armour
 - Level 0.8 Dodging


You had one spell level left.
You didn't know any spells.
Your spell library was empty.

Dungeon Overview and Level Annotations

Branches:
Dungeon (2/15)

Altars:


Innate Abilities, Weirdness & Mutations

You have a pair of small antennae on your head.


Message History

You feel sick.
There is a stone staircase leading up here.
The jackal completely misses you.
You climb upwards.
* * * LOW HITPOINT WARNING * * *
You feel sick.
There is a stone staircase leading down here.
You hit the jackal. You freeze the jackal.
You kill the jackal!
You see here a jackal corpse.
There is a lethal amount of poison in your body!
There is a lethal amount of poison in your body!
It was a potion of cancellation.
Your magical effects are unravelling.
You feel magically purged.
You feel yourself slow down.
There is a lethal amount of poison in your body!
There is a lethal amount of poison in your body!
You die...
Xom cackles wildly!

##.......≈≈≈≈.≈≈≈≈≈........
######..≈≈≈≈........###### #####
#........≈≈≈≈...##### ....#
#..≈≈≈≈≈.≈≈≈≈.#....## ###.#
##..≈≈≈≈≈.≈≈≈≈.####.## #.###
##...≈≈≈≈≈.≈≈≈≈..##....
###...#####..>.≈≈≈≈≈.≈≈≈≈..##.###
#............#................#
..#########...>†@......###..###
### ###.#.....(.....##.##
####...#..............#
##....###..########..###
###..#### ##..## #...## #...##
###..## ##...###### ###.###
#.....# ##.#....... ##.(# #.###.#
#..#####... ##.## ##.###.### #.##
#....


There were no monsters in sight!

Vanquished Creatures
  A leopard gecko (D:1)
  2 goblins (D:1)
  7 hobgoblins
  3 jackals
  5 bats (D:1)
  2 frilled lizards
  2 rats
22 creatures vanquished.

Vanquished Creatures (others)
  3 plants (D:2)
3 creatures vanquished.

Grand Total: 25 creatures vanquished

Notes
Turn   | Place    | Note
-------+----------+-------------------------------------------
     0 | D:1      | siradein the Demonspawn Chaos Knight began the quest for
                  | the Orb.
     0 | D:1      | Reached XP level 1. HP: 18/18 MP: 1/1
    64 | D:1      | Gained mutation: You have a pair of small antennae on your
                  | head. [demonic ancestry]
    64 | D:1      | Reached XP level 2. HP: 16/24 MP: 2/2
    67 | D:1      | XOM: silly message
   294 | D:1      | XOM: divination: detect items
   623 | D:2      | XOM: potion effect (haste)
   641 | D:1      | HP: 1/24 [poisoned by an adder]
   647 | D:1      | Succumbed to an adder's poison

Illustrated notes

Levels and vault maps discovered:
D:1:      scummos_arrival_star, layout_rooms, fountainhead, minivault_14
D:2:      layout_rooms, gammafunk_temple_overflow_elements, serial_forest,
          infiniplex_forest_clump_small, infiniplex_forest_fountain,
          infiniplex_forest_clump_medium, infiniplex_forest_clump_small,
          infiniplex_forest_lined_corner, infiniplex_forest_lined_room_2,
          infiniplex_forest_lined_2, infiniplex_forest_clump_double,
          infiniplex_forest_clump_diagonal, infiniplex_forest_straight_4,
          uniq_crazy_yiuf_cottage

Skill      XL: |  1 |
---------------+----+-----
Polearms       | 3 |  3.8
Fighting       | |  3.0
Armour         | |  1.7
Dodging        | |  0.8

Action                   || total
-------------------------++-------
Melee: Spear             ||    70
  Use: Scroll            ||     4
       Potion            ||     1
Armor: Leather armour    ||    32
Dodge: Dodged            ||    62

Table legend: (Time is in decaauts)
 A = Elapsed time spent in this place.
 B = Non-inter-level travel time spent in this place.
 C = Inter-level travel time spent in this place.
 D = Time resting spent in this place.
 E = Time spent auto-exploring this place.
 F = Levels seen in this place.
 G = Mean time per level.
                   A        B        C        D        E       F      G
               +--------+--------+--------+--------+--------+-----+--------+
         Total |    635 |    609 |     26 |      0 |    435 |   2 |  317.5 |
       Dungeon |    635 |    609 |     26 |      0 |    435 |   2 |  317.5 |
               +--------+--------+--------+--------+--------+-----+--------+

Top non-repeatable levels by time:
     D:1: 578 daAuts
     D:2: 57 daAuts
